[Event "17th Delhi GM Open 2019"]
[Site "Delhi"]
[Date "2019.01.16"]
[Round "10"]
[White "Sammed Jaykumar, Shete"]
[Black "Ziatdinov, Raset"]
[Result "1-0"]
[ECO "C50"]
[WhiteElo "2395"]
[BlackElo "2248"]
[Annotator "NA"]
[PlyCount "113"]
[EventDate "2019.01.09"]
[EventType "swiss"]
[EventCountry "IND"]
[SourceTitle "playchess.com"]
[Source "ChessBase"]
[SourceQuality "1"]
[TimeControl "5400+30"]

1. e4 e5 2. Nf3 Nc6 3. Bc4 Nf6 4. d3 Bc5 5. c3 O-O 6. Bb3 d6 7. h3 {[%emt 0:02:07] C54: Giuoco Piano: 4 c3 Nf6, main lines with 5 d4 and 5 d3} Be6 (7... a6 8. Nbd2 Be6 9. Bc2 d5 10. Qe2 h6 11. g4 Nh7 12. Rg1 d4 13. Nb3 Be7 14. Nxe5 Nxe5 15. Nxd4 c5 16. Nf5 Kh8 {1-0 (35) Duda,J (2678)-Eljanov,P (2741) Germany 2017}) 8. Bc2 d5 9. Nbd2 d4 $146 ({Predecessor:} 9... b5 10. Qe2 d4 11. cxd4 Bxd4 12. a3 Qd6 13. Nb3 Bb6 14. Be3 Rad8 {0-1 (22) Chaithanyaa,K (2061)-Ziatdinov,R (2354) New Delhi 2013}) 10. O-O b5 11. Nb3 Bb6 12. cxd4 Bxb3 13. dxe5 Bxc2 14. Qxc2 Nb4 15. Qb3 Qxd3 16. exf6 Qxb3 17. axb3 gxf6 18. Bd2 Nd3 19. Bc3 Rfe8 20. Rad1 Nc5 21. Bxf6 Nxe4 22. Bh4 f6 23. Nd4 Re5 24. g4 Rae8 25. Nf5 Ng5 26. Kg2 R5e6 27. Rd5 c6 28. Rd7 Nf7 29. Rfd1 Rd8 30. Nh6+ Nxh6 31. Rxd8+ Bxd8 $16 32. Rxd8+ Kf7 33. Ra8 Kg6 34. Rxa7 f5 35. Kg3 fxg4 36. hxg4 Nf7 37. Rc7 Nd6 38. f3 h5 39. Re7 Rxe7 40. Bxe7 Ne8 41. gxh5+ Kxh5 42. Kf4 Kg6 43. Ke5 Ng7 44. Bc5 Nf5 45. f4 Nh4 46. Ke6 Nf5 47. b4 Ng3 48. Kd7 Ne2 49. Bd6 Nd4 50. Be5 Nc2 51. Kxc6 Nxb4+ 52. Kxb5 Nd5 53. Kc5 Ne7 54. b4 Kf5 55. b5 Ke6 56. b6 Kd7 57. b7 1-0

[Event "17th Delhi GM Open 2019"]
[Site "Delhi"]
[Date "2019.01.16"]
[Round "10"]
[White "Koustav Chatterjee"]
[Black "Kurbonboeva, Sarvinoz"]
[Result "1/2-1/2"]
[ECO "D71"]
[WhiteElo "2346"]
[BlackElo "2214"]
[Annotator "NA"]
[PlyCount "120"]
[EventDate "2019.01.09"]
[EventType "swiss"]
[EventCountry "IND"]
[SourceTitle "playchess.com"]
[Source "ChessBase"]
[SourceQuality "1"]
[TimeControl "5400+30"]

1. d4 Nf6 2. c4 g6 3. g3 c6 4. Bg2 d5 5. Qa4 Nbd7 6. cxd5 Nb6 7. Qb3 cxd5 8. Nc3 Bg7 9. Nf3 O-O 10. O-O Ne4 {[%emt 0:07:25] D78: Fianchetto Grünfeld: 6 0-0 c6} 11. Bf4 Nxc3 12. Qxc3 Nc4 $146 ({Predecessor:} 12... Bg4 13. Rac1 Qd7 14. Ne5 Bxe5 15. dxe5 Rfc8 16. Qb4 Rxc1 17. Rxc1 Rc8 18. Qa5 Rxc1+ 19. Bxc1 {1-0 (30) Van Wely,L (2664)-Dranov,A (2443) Germany 2015}) 13. Rac1 Nb6 14. Ra1 Nc4 15. Rac1 Bf5 16. b3 Nd6 17. Qb4 a5 18. Qa3 Be4 19. Bxd6 Qxd6 20. Qxd6 exd6 21. e3 Rfc8 22. Ng5 Bxg2 23. Kxg2 Rc6 24. Rxc6 $14 bxc6 25. Rc1 Rc8 26. h4 h5 27. Kf3 Bh6 28. Nh3 Kf8 29. g4 hxg4+ 30. Kxg4 Ke7 31. Ng1 Kd7 32. Ne2 c5 33. dxc5 dxc5 34. Nc3 Ke6 35. Na4 Bf8 36. Kf3 Be7 37. e4 dxe4+ 38. Kxe4 f5+ 39. Kf3 Rc6 40. Rc4 Ke5 41. Nb2 Kd5 42. Ra4 Bd8 43. Nc4 Re6 44. Ne3+ Kc6 45. h5 gxh5 46. Nxf5 Re8 47. Ng7 Re5 48. Re4 Rxe4 49. Kxe4 h4 50. f4 Kb5 51. Ne6 Be7 52. Nc7+ Kc6 53. Nd5 Bd8 54. Ne3 Kb5 55. f5 a4 56. Nd5 axb3 57. axb3 c4 58. bxc4+ Kxc4 59. Nf4 Bf6 60. Nh3 Kc5 1/2-1/2